 Dungeon Crawl Stone Soup version bcrawl-1.36.3 (webtiles) character file.

Game seed: 16872066598488525293

475424 doomedcactus the Basher (level 12, -7/128 HPs)
             Began as an Ent Sloth Apostle on June 16, 2022.
             Was the Champion of Cheibriados.
             Mangled by Gastronok (21 damage)
             ... on level 9 of the Dungeon.
             The game lasted 00:26:46 (10113 turns).

doomedcactus the Basher (Ent Sloth Apostle)        Turns: 10113, Time: 00:26:47

Health: -7/128     AC: 20    Str: 36    XL:     12   Next: 18%
Magic:  18/18      EV: 32    Int: 31    God:    Cheibriados [******]
Gold:   610        SH: 14    Dex: 25    Spells: 12/13 levels left

rFire    . . .     SeeInvis .   G - +4 great mace (elec)
rCold    . . .     Gourm    .   b - +1 medium shield
rNeg     + + +     Faith    .   (armour unavailable)
rPois    +         Spirit   .   (helmet restricted)
rElec    .         Reflect  .   L - +0 cloak
rCorr    .         Clarity  +   (gloves unavailable)
MR       +....                  (boots unavailable)
Stlth    ++++......             f - amulet of the acrobat
HPRegen  0.31/turn              D - +4 ring of slaying
MPRegen  0.16/turn              (no ring)

@: studying Unarmed Combat, very slow
A: large, slow actions, passwall, strong branches, negative energy resistance 3,
poison resistance, slow metabolism 1, torment resistance, unbreathing, AC +19
a: Passwall, Bend Time, Defer, Temporal Distortion, Step From Time, Renounce
Religion


You were on level 9 of the Dungeon.
You worshipped Cheibriados.
Cheibriados was exalted by your worship.
You were hungry.

You visited 2 branches of the dungeon, and saw 12 of its levels.

You collected 659 gold pieces.
You spent 49 gold pieces at shops.

Inventory:

Hand Weapons
 a - a +0 mace
 d - a +2 whip of venom
 G - a +4 great mace of electrocution (weapon)
Missiles
 l - 616 poisoned tomahawks (quivered)
Armour
 b - a +1 medium shield (worn)
 L - a +0 cloak (worn)
Jewellery
 f - an amulet of the acrobat (around neck)
 D - a +4 ring of slaying (left hand)
 H - an uncursed ring of magical power
Wands
 c - a wand of paralysis (18)
 y - a wand of acid (5)
 E - a wand of random effects (12)
 I - a wand of iceblast (12)
Scrolls
 h - a scroll of enchant weapon
 m - 2 scrolls of immolation
 n - 5 scrolls of amnesia
 o - 2 scrolls of fog {unknown}
 p - 4 scrolls of teleportation
 q - 3 scrolls of magic mapping
 v - 2 scrolls of enchant armour
 B - 3 scrolls of remove curse
Potions
 g - 2 potions of heal wounds {unknown}
 j - 2 potions of degeneration
 k - a potion of invisibility {unknown}
 s - 2 potions of curing {unknown}
 t - 2 potions of flight {unknown}
 u - a potion of resistance {unknown}
 w - 2 potions of might
 x - a potion of magic {unknown}
 A - a potion of mutation {unknown}
 C - a potion of ambrosia {unknown}
 J - a potion of lignification {unknown}
 N - 2 potions of cancellation {unknown}
Comestibles
 e - 21 rations {!d}


   Skills:
 * Level 8.1 Fighting
 * Level 13.5 Maces & Flails
 * Level 9.1 Dodging
 + Level 7.0 Stealth
 + Level 6.4 Shields
 + Level 1.2 Spellcasting
 - Level 2.1 Hexes
 * Level 8.1 Invocations
 + Level 0.8 Evocations


You had 12 spell levels left.
You knew the following spells:

 Your Spells              Type           Power        Failure   Level  Hunger
a - Slow                  Hex            ###.....     12%         1    None

Your spell library contained the following spells:

 Spells                   Type           Power        Failure   Level  Hunger
 Flame Tongue             Conj/Fire      #....        28%         1    None
 Necrotize                Necr           #.....       28%         1    None
 Animate Dead             Necr           N/A          96%         4    ######.
 Dispel Undead            Necr           #.......     100%        5    #######
 Fire Storm               Conj/Fire      #.........   100%        9    #######


Dungeon Overview and Level Annotations

Branches:
Dungeon (10/12)            Temple (0/1) D:5            Lair (2/6) D:8
  Swamp (0/3) Lair:2          Orc (0/1) D:8
  Snake: Lair:2-4    Spider: Lair:2-4

Altars:
Elyvilon
Fedhas
Kikubaaqudgha
Qazlal
Sif Muna
Uskayaw
Vehumet
Wu Jian
Zin
The Shining One
Beogh

Shops:
D:6 :   D:8 [

Annotations:
D:4 2 transporters, 4 runed doors, Darthill6464's ghost, amateur HOFi
D:6 1 runed door
D:9 Gastronok


Innate Abilities, Weirdness & Mutations

You move and act slowly.
You can pass through walls and trees.
Your branches can wield two-handed weapons with a shield.
Your thick bark is tough. (AC +19)
You are too large for most types of armour.
You are immune to negative energy. (rN+++)
Your system is resistant to poisons. (rPois)
You have a slow metabolism.
You are immune to unholy pain and torment.
You can survive without breathing.


Message History

Gastronok bites you!
* * * LOW HITPOINT WARNING * * *
The quasit bites you but does no damage.
The quasit misses you. x2; The bat closely misses you.
The quasit closely misses you. The quasit misses you.
You block the quasit's attack.
Gastronok gurgles, "I'll eat you, I will!"
Gastronok bites you.
* * * LOW HITPOINT WARNING * * *
The gnoll hits you but does no damage. The quasit misses you. x2
You block the quasit's attack.
A rune on the stairs sparks and fizzles.
You climb upwards.
The shadow imp disappears in a puff of smoke!
The bat disappears in a puff of smoke! x2
The quasit disappears in a puff of smoke! x2
There is a stone staircase leading down here.
You feel yourself speed up. Gastronok bites you!!
You die...

#.# #......#................#
#.# #......#................#
#.####......#................#
#...........#####'#######....#
#.......#######.........#....#
#.###...#.....#.........#.....
#.......#.....#.........#.....
#.......#.....#.........#.....
#.......#....@#.........#.....
#.......####.w#.........##....
#..........#..###'#......#....
#.....####.#......#.###..#....
#.....####.#......#.# #..#....
#..........#......#.# #..#...<
#........<.#......#.# #..#....
#..........#......#.# #..#....
#..........#......#.# #..#....


You could see Gastronok.

Vanquished Creatures
  Fannar (Lair:1)
  A two-headed ogre (D:8)
  2 death yaks (Lair:1)
  Pikel (D:8)
  A wolf spider zombie (D:10)
  An ugly thing (D:10)
  An elephant (D:8)
  2 cane toads (Lair:1)
  A gargoyle (D:8)
  A dryad (D:8)
  2 komodo dragons (Lair:1)
  A queen bee (Lair:1)
  3 blink frogs (Lair:1)
  A troll (D:9)
  2 hippogriffs (D:9)
  4 hogs (D:8)
  19 yaks
  A human (D:8)
  3 porcupines (Lair:1)
  3 sky beasts
  2 ice beasts
  A black bear (D:7)
  A necrophage (D:6)
  A slave (D:8)
  2 phantoms
  11 orc warriors
  3 ogres
  11 bullfrogs
  2 centaurs
  4 scorpions
  27 killer bees
  A statue (D:8)
  9 wights (D:9)
  4 howler monkeys
  10 orc priests
  2 crimson imps
  3 jellies
  A quasit (D:9)
  A hound (D:6)
  2 bullfrog skeletons
  12 orc wizards
  3 iguanas
  11 worker ants
  A hound zombie (D:4)
  4 gnolls
  15 adders
  A shadow imp (D:3)
  4 oozes
  An adder zombie (D:8)
  4 adder skeletons
  2 worms
  4 dart slugs
  5 leopard geckos
  53 orcs
  7 bats
  2 goblins (D:1)
  11 hobgoblins
  7 jackals
  2 quokkas
  A frilled lizard (D:3)
  A jackal zombie (D:4)
  10 kobolds
  A quokka skeleton (D:4)
  2 rats
313 creatures vanquished.

Vanquished Creatures (others)
  3 slaves (D:8)
  4 fungi
  A plant (Lair:1)
8 creatures vanquished.

Grand Total: 321 creatures vanquished

Notes
Turn   | Place    | Note
-------+----------+-------------------------------------------
     0 | D:1      | doomedcactus the Ent Sloth Apostle began the quest for the
                  | Orb.
     0 | D:1      | Reached XP level 1. HP: 22/22 MP: 2/2
   117 | D:1      | Reached XP level 2. HP: 20/30 MP: 3/3
  1137 | D:2      | Reached skill level 3 in Maces & Flails
  1137 | D:2      | Reached XP level 3. HP: 26/39 MP: 4/4
  1239 | D:2      | Found an ancient bone altar of Kikubaaqudgha.
  1297 | D:2      | Reached skill level 1 in Dodging
  1346 | D:2      | Reached * piety under Cheibriados
  1456 | D:2      | Noticed a phantom
  1521 | D:2      | Killed a phantom
  1522 | D:2      | Reached skill level 1 in Invocations
  1522 | D:2      | Reached XP level 4. HP: 47/47 MP: 5/5
  1522 | D:2      | Reached XP level 5. HP: 56/56 MP: 6/6
  1571 | D:2      | Reached skill level 4 in Maces & Flails
  1862 | D:3      | Found a radiant altar of Vehumet.
  1893 | D:3      | Found a glowing silver altar of Zin.
  1988 | D:3      | Reached ** piety under Cheibriados
  2003 | D:3      | Reached XP level 6. HP: 63/65 MP: 7/7
  2678 | D:4      | Noticed a sky beast
  2689 | D:4      | Killed a sky beast
  2690 | D:4      | Reached skill level 5 in Maces & Flails
  2710 | D:3      | Reached XP level 7. HP: 37/72 MP: 8/8
  2714 | D:3      | Reached *** piety under Cheibriados
  2851 | D:4      | Found a transporter.
  2853 | D:4      | Noticed Darthill6464's ghost (amateur HOFi)
  2891 | D:4      | Found a large runed door.
  2924 | D:4      | Found a white marble altar of Elyvilon.
  3175 | D:4      | Found a transporter.
  3180 | D:4      | Found a large runed door.
  3180 | D:4      | Found a large runed door.
  3249 | D:4      | Found a large runed door.
  3313 | D:4      | Reached skill level 6 in Maces & Flails
  3332 | D:4      | Got a crystal trident
  3334 | D:4      | Identified the +3 trident of Farosch {pierce, +Inv rC+
                  | Dex+4} (You found it on level 4 of the Dungeon)
  3555 | D:4      | Reached **** piety under Cheibriados
  3652 | D:5      | Entered Level 5 of the Dungeon
  3700 | D:5      | Reached XP level 8. HP: 77/84 MP: 10/10
  3781 | D:5      | Found a staircase to the Ecumenical Temple.
  4564 | D:6      | Found a shimmering blue altar of Sif Muna.
  4623 | D:6      | Reached skill level 7 in Maces & Flails
  4684 | D:6      | Reached skill level 5 in Stealth
  4687 | D:6      | Found a stormy altar of Qazlal.
  4728 | D:6      | Found Hevomir's Book Emporium.
  4774 | D:6      | Found a runed door.
  4848 | D:6      | Found a blossoming altar of Fedhas.
  4898 | D:6      | Reached skill level 5 in Dodging
  5291 | D:6      | Found an ornate altar of the Wu Jian Council.
  5411 | D:7      | Reached XP level 9. HP: 87/92 MP: 12/12
  5607 | D:7      | Identified the Tome of Twisted Fire
  5659 | D:7      | Reached skill level 8 in Maces & Flails
  5738 | D:7      | Reached skill level 5 in Fighting
  5753 | D:7      | Reached skill level 5 in Invocations
  5857 | D:7      | Found a hide-covered altar of Uskayaw.
  6390 | D:8      | Reached skill level 9 in Maces & Flails
  6445 | D:8      | Noticed Pikel
  6480 | D:8      | Reached ***** piety under Cheibriados
  6489 | D:8      | Found Tuyzuxt's Armour Shoppe.
  6499 | D:8      | Bought a +0 cloak for 49 gold pieces
  6516 | D:8      | Noticed a two-headed ogre
  6524 | D:8      | Killed a two-headed ogre
  6566 | D:8      | Found a staircase to the Lair.
  6568 | D:8      | Noticed an elephant
  6574 | D:8      | Reached XP level 10. HP: 106/106 MP: 14/14
  6580 | D:8      | Killed an elephant
  6718 | D:8      | Noticed a gargoyle
  6742 | D:8      | Killed a gargoyle
  6868 | D:8      | Reached skill level 10 in Maces & Flails
  6879 | D:8      | Reached skill level 5 in Shields
  7111 | D:8      | Found a roughly hewn altar of Beogh.
  7111 | D:8      | Found a staircase to the Orcish Mines.
  7144 | D:8      | Killed Pikel
  7145 | D:8      | Reached skill level 11 in Maces & Flails
  7408 | D:8      | Reached ****** piety under Cheibriados
  7671 | Lair:1   | Entered Level 1 of the Lair of Beasts
  7688 | Lair:1   | Reached XP level 11. HP: 114/116 MP: 16/16
  7966 | Lair:1   | Reached skill level 12 in Maces & Flails
  8153 | Lair:1   | Noticed Fannar
  8448 | Lair:1   | Killed Fannar
  8779 | Lair:2   | Found a staircase to the Swamp.
  8779 | Lair:2   | Noticed a death yak
  8885 | Lair:2   | Noticed a death yak
  8888 | Lair:2   | Noticed a death yak
  8888 | Lair:2   | Noticed a death yak
  8889 | Lair:2   | Noticed a death yak
  8890 | Lair:2   | Noticed a death yak
  8904 | Lair:1   | Killed a death yak
  8907 | Lair:1   | Killed a death yak
  9014 | D:9      | Found a glowing golden altar of the Shining One.
  9317 | D:9      | Reached skill level 13 in Maces & Flails
  9535 | D:9      | Reached XP level 12. HP: 128/128 MP: 17/17
 10083 | D:10     | Entered Level 10 of the Dungeon
 10094 | D:10     | Noticed Gastronok
 10113 | D:9      | Mangled by Gastronok

Skill      XL: |  1  2  3  4  5  6  7  8  9 10 11 12 |
---------------+-------------------------------------+-----
Stealth        | 4 5 6 7 |  7.0
Maces & Flails | 3 4 5 6 7 9 11 13 | 13.5
Dodging        | 2 3 4 5 6 7 9 |  9.1
Shields        | 2 3 4 5 6 |  6.4
Invocations    | 1 2 3 4 5 6 7 8 |  8.1
Fighting       | 3 4 5 6 7 8 |  8.1
Spellcasting   | |  1.2
Hexes          | |  2.1
Evocations     | |  0.8

Action                   |  1- 3 |  4- 6 |  7- 9 | 10-12 || total
-------------------------+-------+-------+-------+-------++-------
Melee: Mace              |    27 |       |       |       ||    27
       Whip              |   104 |   116 |   331 |   220 ||   771
       Great mace        |       |       |       |   251 ||   251
Throw: Tomahawk          |       |       |     4 |     2 ||     6
Invok: Bend Time         |       |       |       |     1 ||     1
 Abil: Passwall          |     1 |       |       |       ||     1
  Use: Scroll            |     6 |       |     4 |     9 ||    19
       Potion            |       |       |       |     1 ||     1
 Stab: Sleeping          |     4 |     5 |    16 |     9 ||    34
       Distracted        |       |       |     1 |     3 ||     4
  Eat: Chunk             |     5 |     6 |    18 |    11 ||    40
       Ration            |       |       |       |     3 ||     3
Armor: Skin              |   105 |    85 |   111 |   283 ||   584
Dodge: Dodged            |    46 |    55 |   177 |   736 ||  1014
Block: Medium shield     |    82 |    88 |   206 |   648 ||  1024
